Map: Proxima Station LE

Players

LiquidSnute (Snute) - Winner!

  • Race: Zerg Zerg
  • League: Master
  • Spawn Location: 7:00

Harstem

  • Race: Protoss Protoss
  • League: Master
  • Spawn Location: 1:00

Event: HomeStory Cup XV

VOD

Have the link to the VOD?

Description

Time

  • Played on: July 22, 2017, 8:19 a.m.
  • Length: 9:28

All games in this series

Show
View Real Time Build Order
Export as new Build Order

LiquidSnute Zerg - Winner!

Build Orders: Hatch First, Muta Ling Bane 

Get SALT Encoding   

  12  0:00  Drone  
  13  0:12  Overlord  
  13  0:17  Drone  
  14  0:30  Drone x2  
  14  0:34  Drone  
  17  0:53  Hatchery  
  17  0:54  Drone  
  17  0:58  Drone  
  17  1:01  Extractor  
  17  1:13  Spawning Pool  
  17  1:16  Drone  
  17  1:19  Drone  
  18  1:28  Drone  
  19  1:38  Overlord  
  19  1:49  Drone  
  20  2:00  Queen  
  22  2:01  Metabolic Boost  
  22  2:03  Drone  
  22  2:04  Queen  
  22  2:07  Zergling x2  
  26  2:11  Drone  
  27  2:15  Drone  
  27  2:22  Drone  
  29  2:31  Drone  
  29  2:32  Drone  
  29  2:35  Queen  
  33  2:38  Overlord  
  33  2:46  Zergling x2  
  33  2:48  Zergling x2  
  35  2:55  Hatchery  
  35  2:58  Zergling x2  
  35  3:04  Queen, Drone  
  38  3:07  Overlord  
  38  3:09  Drone  
  39  3:13  Drone  
  39  3:16  Drone x2  
  39  3:18  Drone  
  43  3:20  Drone  
  43  3:27  Drone x3  
  46  3:30  Drone  
  48  3:38  Drone  
  49  3:42  Drone  
  49  3:43  Roach Warren  
  49  3:44  Extractor  
  49  3:45  Drone x3  
  49  3:47  Drone  
  52  3:51  Overlord  
  52  3:59  Overlord  
  51  4:10  Drone x4  
  51  4:12  Drone  
  51  4:13  Spore Crawler, Drone  
  51  4:14  Drone x2  
  57  4:18  Drone x2  
  57  4:19  Drone  
  57  4:20  Spore Crawler  
  57  4:22  Spore Crawler  
  57  4:23  Drone  
  59  4:25  Drone  
  59  4:29  Drone x2  
  62  4:33  Drone  
  62  4:35  Drone  
  63  4:39  Drone  
  63  4:40  Lair  
  63  4:43  Extractor  
  63  4:44  Evolution Chamber, Drone  
  63  4:46  Drone  
  63  4:48  Extractor  
  63  4:49  Extractor x2  
  63  4:51  Drone x3  
  64  4:54  Drone  
  64  4:55  Drone x2  
  64  4:57  Drone  
  64  4:59  Drone  
  69  5:00  Drone  
  69  5:02  Drone  
  70  5:07  Baneling Nest  
  70  5:09  Overlord  
  70  5:12  Zerg Melee Weapons Level 1  
  67  5:19  Drone  
  67  5:20  Drone x6  
  67  5:21  Overlord  
  74  5:29  Drone  
  74  5:30  Drone x3  
  78  5:35  Overlord  
  78  5:40  Spire  
  77  5:45  Drone x2  
  79  5:50  Centrifical Hooks  
  79  5:53  Hatchery, Hydralisk Den  
  79  5:55  Drone x2  
  79  5:57  Roach  
  79  6:03  Zergling x12  
  87  6:06  Overlord  
  87  6:15  Zergling x16  
  87  6:18  Overlord  
  95  6:23  Muscular Augments  
  95  6:31  Overlord x3  
  94  6:51  Mutalisk x5  
  94  6:52  Mutalisk x4  
  94  6:53  Mutalisk x2  
  116  7:00  Hydralisk  
  116  7:01  Hydralisk x2  
  122  7:10  Zerg Melee Weapons Level 2  
  122  7:11  Zergling x2  
  122  7:12  Zergling x16  
  131  7:23  Overlord x2  
  131  7:27  Hydralisk x4, Overlord  
  138  7:33  Hydralisk x3  
  142  7:44  Hydralisk  
  142  7:45  Hydralisk x3  
  142  7:49  Hydralisk x2  
  154  7:54  Hydralisk  
  155  8:02  Hydralisk x3  
  161  8:07  Hydralisk  
  161  8:08  Hydralisk  
  154  8:19  Hydralisk x3  
  138  8:21  Queen  
  138  8:22  Queen x2  
  134  8:31  Hydralisk x4  
  136  8:35  Hydralisk x2  
  136  8:37  Queen  
  123  8:47  Drone x3  
  123  8:48  Drone x3  
  118  8:59  Hydralisk x3  
  121  9:08  Zergling x2  
  121  9:09  Zergling x2  
Show
View Real Time Build Order
Export as new Build Order

Harstem Protoss 

Build Orders: 1 Gate Expand, Oracle Opening 

Get SALT Encoding   

  12  0:00  Probe (Chrono Boost)  
  13  0:11  Probe (Chrono Boost)  
  14  0:17  Pylon  
  14  0:22  Probe (Chrono Boost)  
  16  0:35  Probe (Chrono Boost)  
  16  0:38  Gateway  
  16  0:46  Probe (Chrono Boost)  
  17  0:52  Assimilator  
  17  0:57  Probe (Chrono Boost)  
  18  1:07  Probe (Chrono Boost)  
  19  1:18  Probe (Chrono Boost)  
  20  1:25  Nexus  
  20  1:32  Cybernetics Core  
  20  1:35  Probe (Chrono Boost)  
  21  1:40  Assimilator  
  21  1:45  Probe (Chrono Boost)  
  22  1:51  Pylon  
  22  1:56  Probe (Chrono Boost)  
  23  2:09  Probe (Chrono Boost), Adept (Chrono Boost)  
  23  2:15  Stargate  
  26  2:21  Probe  
  27  2:24  Warp Gate  
  27  2:33  Probe  
  27  2:35  Stalker (Chrono Boost)  
  27  2:36  Probe  
  31  2:45  Probe  
  31  2:47  Probe  
  33  2:57  Probe x2  
  34  3:00  Oracle (Chrono Boost)  
  38  3:08  Probe  
  38  3:10  Probe  
  40  3:16  Adept  
  40  3:18  Probe  
  40  3:19  Pylon  
  42  3:22  Probe  
  44  3:29  Probe  
  44  3:34  Probe  
  46  3:37  Oracle (Chrono Boost)  
  46  3:39  Probe  
  49  3:46  Probe  
  51  3:52  Nexus  
  51  3:54  Pylon  
  51  3:56  Pylon  
  51  4:01  Probe  
  51  4:03  Probe  
  53  4:12  Probe, Assimilator  
  53  4:15  Probe  
  53  4:16  Assimilator  
  53  4:17  Pylon  
  57  4:22  Probe, Oracle (Chrono Boost)  
  59  4:27  Probe  
  60  4:33  Probe, Stargate  
  60  4:34  Pylon  
  61  4:39  Probe  
  61  4:43  Pylon, Probe  
  63  4:46  Zealot  
  65  4:53  Probe, Oracle (Chrono Boost)  
  65  4:54  Probe  
  70  5:04  Probe  
  70  5:05  Probe, Stargate  
  72  5:08  Probe  
  73  5:15  Probe, Sentry  
  73  5:17  Pylon  
  73  5:18  Probe  
  73  5:19  Pylon, Probe  
  78  5:25  Probe  
  78  5:27  Oracle (Chrono Boost)  
  82  5:29  Assimilator  
  82  5:30  Probe x2  
  82  5:33  Assimilator  
  84  5:36  Probe  
  84  5:40  Probe  
  84  5:42  Probe  
  90  5:44  Oracle (Chrono Boost)  
  90  5:45  Zealot  
  90  5:47  Probe  
  90  5:48  Gateway  
  90  5:49  Gateway  
  93  5:50  Pylon  
  93  5:55  Oracle (Chrono Boost)  
  96  6:04  Probe  
  96  6:06  Probe  
  101  6:11  Oracle (Chrono Boost)  
  104  6:20  Nexus  
  104  6:22  Oracle (Chrono Boost)  
  104  6:23  Pylon, Probe  
  104  6:24  Probe  
  104  6:25  Pylon  
  106  6:28  Probe  
  106  6:31  Forge  
  107  6:34  Oracle (Chrono Boost)  
  107  6:38  Zealot  
  107  6:39  Twilight Council  
  112  6:46  Oracle (Chrono Boost)  
  115  6:48  Probe x2  
  115  6:51  Zealot x2  
  115  6:52  Pylon, Mothership Core  
  121  7:00  Probe  
  121  7:01  Pylon x2  
  127  7:02  Oracle (Chrono Boost)  
  127  7:08  Probe, Protoss Ground Weapons Level 1  
  128  7:14  Gateway x2  
  128  7:18  Gateway  
  128  7:29  Photon Cannon  
  134  7:32  Zealot  
  134  7:33  Photon Cannon  
  132  7:37  Probe, Assimilator  
  132  7:38  Phoenix (Chrono Boost)  
  132  7:41  Probe  
  132  7:42  Probe  
  130  7:48  Stalker x2  
  132  7:58  Assimilator  
  129  8:00  Phoenix (Chrono Boost)  
  129  8:03  Probe  
  126  8:12  Probe  
  123  8:19  Probe  
  113  8:21  Probe  
  111  8:27  Pylon  
  111  8:28  Stalker  
  111  8:29  Stalker x2  
  111  8:30  Pylon  
  106  8:38  Probe, Phoenix (Chrono Boost)  
  82  8:49  Probe  
  82  8:51  Zealot  
  82  8:55  Zealot x3, Probe  
  82  8:57  Probe  
  82  8:58  Probe  
  82  9:00  Phoenix (Chrono Boost)  
  85  9:04  Probe  
  85  9:09  Probe  
  80  9:10  Probe  
Tags
 
Add a new tag
Caveats
  • Supply blocks, unpowered buildings, or Contaminate may cause inaccurate times.
  • Supply counts are checked every 10 seconds.